 Dungeon Crawl Stone Soup version 0.24.0-123-gd5b16e6ec5 (webtiles) character file.

Game seed: 15745858932400888162, levelgen mode: deterministic

4069 Bombadil the Reanimator (level 10, -3/67 HPs)
             Began as a Vampire Necromancer on Feb 9, 2020.
             Was an Initiate of Gozag.
             Slain by a killer bee (8 damage)
             ... on level 8 of the Dungeon.
             The game lasted 00:30:44 (8993 turns).

Bombadil the Reanimator (Vampire Necromancer)       Turns: 8993, Time: 00:30:45

Health: -3/67      AC:  6    Str:  7    XL:     10   Next: 5%
Magic:  0/23       EV: 10    Int: 22    God:    Gozag
Gold:   1455       SH:  0    Dex: 14    Spells: 15/27 levels left

rFire    + . .     SeeInvis +   b - +6 hand axe of Hubris {flame, MR+}
rCold    . . .     Gourm    .   (no shield)
rNeg     . . .     Faith    .   r - +0 ring mail
rPois    .         Spirit   .   (no helmet)
rElec    .         Reflect  .   s - +0 cloak
rCorr    .         Harm     .   (no gloves)
MR       ++...                  (no boots)
Stlth    ++........             k - amulet of regeneration
HPRegen  1.81/turn              G - ring of protection from fire
MPRegen  0.18/turn              (no ring)

@: gold aura, regenerating (expiring), lightly drained
A: no food, fangs 3, see invisible, unbreathing
a: Exsanguinate, Potion Petition, Call Merchant, Bribe Branch, Renounce Religion


You were on level 8 of the Dungeon.
You worshipped Gozag.
Gozag was most pleased with you.
You were alive.

You visited 2 branches of the dungeon, and saw 10 of its levels.

You collected 1492 gold pieces.
You paid 37 gold pieces to Gozag.

Inventory:

Hand Weapons
 a - a +2 dagger of venom
 b - the +6 hand axe of Hubris (weapon) {flame, MR+}
   (You found it on level 7 of the Dungeon)

   It has been specially enchanted to burn those struck by it, causing extra
   injury to most foes and up to half again as much damage against particularly
   susceptible opponents.
   Big, fiery blades are also staple armaments of hydra-hunters.
   It affects your resistance to hostile enchantments.
 M - a +2 glaive of freezing
Missiles
 q - 34 poisoned darts (quivered)
Armour
 g - a +0 robe
 r - a +0 ring mail (worn)
 s - a +0 cloak (worn)
 J - a +0 leather armour
Jewellery
 f - an uncursed amulet of magic regeneration
 k - an amulet of regeneration (around neck)
 B - an uncursed amulet of inaccuracy
 G - a ring of protection from fire (left hand)
Wands
 o - a wand of acid (2)
 p - a wand of polymorph (7)
 C - a wand of iceblast (7)
 F - a wand of digging (2)
 K - a wand of disintegration (15)
Scrolls
 d - 6 scrolls of remove curse
 h - a scroll of amnesia {unknown}
 j - 3 scrolls of enchant armour
 n - a scroll of random uselessness {unknown}
 t - a scroll of enchant weapon {unknown}
 u - 4 scrolls of teleportation
 y - 2 scrolls of blinking {unknown}
 A - a scroll of holy word {unknown}
 D - a scroll of vulnerability {unknown}
 H - a scroll of magic mapping {unknown}
 I - a scroll of immolation {unknown}
 L - a scroll of acquirement {unknown}
 N - a scroll of fear {unknown}
Potions
 c - a potion of berserk rage {unknown}
 e - a potion of lignification {unknown}
 i - 3 potions of agility
 l - 3 potions of brilliance {unknown}
 v - 2 potions of magic
 x - 2 potions of flight {unknown}
 z - a potion of mutation {unknown}
 E - 3 potions of degeneration {unknown}


   Skills:
 + Level 1.8(1.3) Fighting
 + Level 1.0(0.5) Short Blades
 + Level 1.7(1.6) Axes
 + Level 1.5 Polearms
 + Level 3.0(2.5) Armour
 + Level 3.0(2.5) Dodging
 + Level 4.2(3.7) Stealth
 + Level 1.3(0.8) Unarmed Combat
 + Level 9.2(8.6) Spellcasting
 + Level 0.4(0.0) Charms
 + Level 10.3(9.7) Necromancy
 + Level 0.3(0.0) Evocations


You had 15 spell levels left.
You knew the following spells:

 Your Spells              Type           Power        Failure   Level  Hunger
a - Pain                  Necr           ####         1%          1    N/A
b - Animate Skeleton      Necr           N/A          1%          1    N/A
c - Regeneration          Chrm/Necr      ####......   10%         3    N/A
d - Vampiric Draining     Necr           ######....   1%          3    N/A
p - Animate Dead          Necr           N/A          4%          4    N/A

Your spell library contained the following spells:

 Spells                   Type           Power        Failure   Level  Hunger


Dungeon Overview and Level Annotations

Branches:
Dungeon (9/15)             Temple (1/1) D:4
   Lair: D:8-11         Orc: D:9-12

Altars:
Ashenzari
Cheibriados
Dithmenos
Elyvilon
Fedhas
Gozag
Hepliaklqana
Kikubaaqudgha
Makhleb
Nemelex Xobeh
Okawaru
Qazlal
Ru
Sif Muna
Trog
Uskayaw
Vehumet
Wu Jian
Xom
Yredelemnul
Zin
The Shining One


Innate Abilities, Weirdness & Mutations

You do not eat.
Your natural rate of healing is unusually fast.
You have razor-sharp teeth.
You have supernaturally acute eyesight. (SInv)
You can survive without breathing.


Message History

* * * LOW HITPOINT WARNING * * *
The killer bee stings you.
* * * LOW HITPOINT WARNING * * *
The killer bee buzzes angrily.
Unknown command.
Unknown command.
The killer bee is no longer distracted by gold.
The killer bee stings you.
* * * LOW HITPOINT WARNING * * *
The killer bee stings you but does no damage.
Casting: Pain (safe; 1% risk of failure)
Confirm with . or Enter, or press ? or * to list all spells.
Aiming: Pain (safe; 1% risk of failure)
Press: ? - help, Shift-Dir - straight line, f/p - killer bee
Aim: a killer bee (almost dead, covered in acid, chance to defeat MR: 89%)
The killer bee writhes in agony.
The killer bee becomes distracted by the nearby gold, dreaming of imaginary riches.
The killer bee stings you!
You die...
Your body crumbles into a pile of gold.

........#.# # #.#'#..#.#
# #........# # #
#.....$..# . ..#
#.....>..## ####....#
#.....<#..#
........'....#.#$....##.
.###....#.# #S#yy......#
.# 9.# #.#@....##.# 9# #
#.#......... .#
..#....#.#. .# $
.....#.#.# # .#
.#......?. .# ...##.###
.# ##.# . ## #.# #


You could see 2 killer bees.

Vanquished Creatures
  Grinder (D:3)
  2 sky beasts
  6 orc warriors
  2 ice beasts (D:8)
  2 phantoms
  5 ogres
  A centaur (D:8)
  A bullfrog (D:5)
  2 big kobolds
  2 scorpions
  12 killer bees
  5 wights (D:8)
  A crimson imp (D:8)
  5 hounds
  2 jellies
  2 gnoll shamans (D:6)
  7 orc priests
  An iguana (D:4)
  8 orc wizards
  6 worker ants
  A howler monkey zombie (D:6)
  2 howler monkey skeletons (D:7)
  8 adders
  11 gnolls
  2 oozes
  A worm (D:5)
  A dart slug (D:2)
  3 leopard geckos
  23 orcs
  9 giant cockroaches
  21 hobgoblins
  5 jackals
  2 quokkas (D:3)
  A ball python (D:1)
  10 bats
  2 frilled lizards (D:1)
  A giant cockroach zombie (D:5)
  7 goblins
  A jackal skeleton (D:4)
  16 kobolds
  A leopard gecko skeleton (D:5)
  15 rats
216 creatures vanquished.

Vanquished Creatures (collateral kills)
  A gnoll (D:3)
  A goblin (D:3)
  A hobgoblin (D:1)
  A kobold (D:1)
  2 frilled lizards
6 creatures vanquished.

Vanquished Creatures (others)
  2 plants (D:6)
2 creatures vanquished.

Grand Total: 224 creatures vanquished

Notes
Turn   | Place    | Note
-------+----------+-------------------------------------------
     0 | D:1      | Bombadil the Vampire Necromancer began the quest for the
                  | Orb.
     0 | D:1      | Reached XP level 1. HP: 13/13 MP: 3/3
    54 | D:1      | Learned a level 1 spell: Animate Skeleton
   317 | D:1      | Reached XP level 2. HP: 17/19 MP: 0/5
   433 | D:1      | Reached skill level 5 in Necromancy
   723 | D:1      | Reached XP level 3. HP: 24/24 MP: 4/6
  1050 | D:1      | Learned a level 3 spell: Regeneration
  1120 | D:2      | Noticed a big kobold
  1128 | D:2      | Killed a big kobold
  1128 | D:2      | Reached XP level 4. HP: 18/30 MP: 1/8
  1438 | D:3      | Reached XP level 5. HP: 33/35 MP: 5/10
  1445 | D:3      | Learned a level 3 spell: Vampiric Draining
  1473 | D:3      | Noticed Grinder
  1488 | D:3      | Killed Grinder
  1488 | D:3      | Reached skill level 1 in Armour
  1488 | D:3      | Reached skill level 6 in Necromancy
  1488 | D:3      | Reached XP level 6. HP: 41/41 MP: 9/12
  1516 | D:3      | Learned a level 4 spell: Animate Dead
  2212 | D:4      | Found a staircase to the Ecumenical Temple.
  2221 | Temple   | Entered the Ecumenical Temple
  2264 | Temple   | Became a worshipper of Gozag Ym Sagoz the Greedy
  2580 | D:4      | Reached skill level 5 in Spellcasting
  3023 | D:4      | Found a sacrificial altar of Ru.
  3080 | D:4      | Reached XP level 7. HP: 36/37 MP: 7/14
  3349 | D:5      | Entered Level 5 of the Dungeon
  3686 | D:6      | Reached skill level 1 in Unarmed Combat
  3758 | D:6      | Reached skill level 7 in Necromancy
  4293 | D:5      | Reached XP level 8. HP: 46/47 MP: 14/17
  4733 | D:5      | Reached skill level 1 in Fighting
  4837 | D:5      | Found a shattered altar of Ashenzari.
  5090 | D:6      | Reached skill level 8 in Necromancy
  5569 | D:6      | Reached XP level 9. HP: 59/59 MP: 12/20
  5796 | D:7      | Got an encrusted hand axe
  5797 | D:7      | Identified the +6 hand axe of Hubris {flame, MR+} (You
                  | found it on level 7 of the Dungeon)
  5851 | D:7      | Reached skill level 9 in Necromancy
  5870 | D:7      | HP: 1/59 [killer bee (3)]
  7435 | D:6      | Reached skill level 1 in Short Blades
  7688 | D:8      | Noticed a gargoyle
  7841 | D:8      | Reached skill level 1 in Polearms
  8084 | D:8      | Reached skill level 10 in Necromancy
  8159 | D:8      | Reached skill level 1 in Axes
  8945 | D:9      | Noticed a deep elf mage
  8957 | D:8      | Reached XP level 10. HP: 54/67 MP: 23/23
  8989 | D:8      | HP: 2/67 [killer bee (6)]
  8993 | D:8      | Slain by a killer bee

Levels and vault maps discovered:
D:1:      onia_arrival_handbag, layout_loops_corners
D:2:      layout_basic
D:3:      layout_basic, uniq_grinder
D:4:      layout_basic, minmay_temple_entry_sparse_star, serial_bayou_pond_d,
          nicolae_ru_awakened_eye
D:5:      layout_basic, lemuel_coloured_pillars_altar, first_ration,
          ebering_dispersal_statue_hall
D:6:      kennysheep_housing_project, layout_loops_ring
D:7:      layout_cave_pods, serial_glass, glass_columns_c, glass_columns_a,
          glass_columns_a, glass_columns_b
D:8:      layout_basic
D:9:      layout_roguey [special_room_bee], hiddenorc2_lemuel, serial_shops,
          nicolae_shop_behind_doors, special_room [special_room_orc],
          lemuel_hellish_altar, uniq_gastronok, uniq_erolcha
Temple:   kilobyte_greek_temple

Skill      XL: |  1  2  3  4  5  6  7  8  9 10 |
---------------+-------------------------------+-----
Necromancy     | 5 6 7 8 10 | 10.3
Spellcasting   | 3 4 5 6 7 9 |  9.2
Armour         | 1 2 3 |  3.0
Unarmed Combat | 1 |  1.3
Fighting       | 1 |  1.8
Stealth        | 4 |  4.2
Short Blades   | 1 |  1.0
Dodging        | 3 |  3.0
Polearms       | 1 |  1.5
Axes           | 1 |  1.7
Charms         | |  0.4
Evocations     | |  0.3

Action                   |  1- 3 |  4- 6 |  7- 9 | 10-12 || total
-------------------------+-------+-------+-------+-------++-------
Melee: Unarmed           |     2 |    13 |    14 |       ||    29
       Dagger            |       |       |   104 |       ||   104
       Bite              |       |       |    17 |       ||    17
       Punch             |       |       |     1 |       ||     1
       Hand axe          |       |       |    47 |     2 ||    49
       Glaive            |       |       |    26 |       ||    26
Throw: Dart              |       |       |     7 |       ||     7
 Cast: Pain              |    58 |   120 |   305 |     2 ||   485
       Animate Skeleton  |    12 |     9 |       |       ||    21
       Animate Dead      |       |     5 |     2 |       ||     7
       Regeneration      |       |       |    20 |     1 ||    21
       Vampiric Draining |       |       |    13 |     7 ||    20
 Abil: Exsanguinate      |       |     1 |     1 |       ||     2
       Revivify          |       |       |     2 |       ||     2
Evoke: Wand              |       |     5 |       |     2 ||     7
  Use: Scroll            |       |       |     7 |       ||     7
       Potion            |       |       |     2 |     5 ||     7
 Stab: Sleeping          |       |       |     3 |       ||     3
Armor: Leather armour    |    13 |    20 |    18 |       ||    51
       Skin              |       |     6 |       |       ||     6
       Ring mail         |       |       |    47 |    12 ||    59
Dodge: Dodged            |     9 |    58 |   189 |    28 ||   284
